Cogmind - Beta 15 @@@ ROGUE MODE // 2025.07.01 @ 03:35:42 Player: Fangrelle Result: Destroyed by 2U-5JM(R) with Subdweller Machine Gun Performance ------------- Evolutions (0) 0 Regions Visited (2) 400 Robots Destroyed (39) 195 Value Destroyed (901) 901 Prototype IDs (11) 220 Alien Tech Used (0) 0 Bonus (0) 0 TOTAL SCORE: 1716 Bonus ------- None Cogmind --------- Core Integrity 0/250 Matter 282/300 Energy 100/100 System Corruption 2% Temperature Cool (0) Movement Rolling (130) Ox2 Location -10/Subcaves Parts ------- > --- POWER (1) -------- (None) > --- PROPULSION (2) --- Compact Wheel Compact Wheel > --- UTILITY (2) ------ Huge Storage Unit Makeshift Light Armor Plating > --- WEAPON (2) ------- Barrage Gun Makeshift Axe > --- INVENTORY (25) --- Light Treads Makeshift Flight Unit Small Storage Unit Huge Storage Unit Huge Storage Unit Light Humpback Signal Interpreter Improved Terrain Scanner Seismic Detector Utility Shielding Scrap Shield Scrap Shield Scrap Shield V3-11A's Pendant Power Bank Assault Rifle Barrage Gun Subdweller Shrapnel Launcher Datajack Mining Laser Flamer Peak State ------------ > --- POWER ------------ Ion Engine > --- PROPULSION ------- Makeshift Leg Makeshift Leg > --- UTILITY ---------- Huge Storage Unit Makeshift Light Armor Plating > --- WEAPON ----------- EM Pulse Gun Makeshift Axe > --- INVENTORY -------- Light Ion Engine Light Treads Light Treads Compact Wheel Compact Wheel Small Storage Unit High-capacity Storage Unit Huge Storage Unit Huge Storage Unit Huge Storage Unit Signal Interpreter Improved Terrain Scanner Seismic Detector Transport Network Coupler Utility Shielding Power Bank Riot Gun Subdweller Beam Cannon Assault Rifle Assault Rifle Barrage Gun Datajack Mining Laser Flamer Flamer [Rating: 23] Favorites ----------- Power Ion Engine Engine Ion Engine Propulsion Light Treads Treads Light Treads Leg Makeshift Leg Wheel Compact Wheel Utility Huge Storage Unit Device Improved Terrain Scanner Storage Huge Storage Unit Protection Makeshift Light Armor Plating Weapon Assault Rifle Energy Gun EM Pulse Gun Energy Cannon Subdweller Beam Cannon Ballistic Gun Assault Rifle Ballistic Cannon Light Cannon Special Weapon Mining Laser Slashing Weapon Makeshift Axe Special Melee Weapon Datajack Build | -11 -10 -10 ------- Run | Yrd Mat Sub Slots Evolved . | . . . Power . | . . . Propulsion . | . . . Utility . | . . . Weapon . | . . . Parts Attached 25 | 3 5 17 Power 1 | . . 1 Engine 1 | . . 1 Core . | . . . Reactor . | . . . Propulsion 9 | 2 2 5 Treads 4 | 2 2 . Leg 2 | . . 2 Wheel 3 | . . 3 Hover . | . . . Flight . | . . . Utility 3 | 1 1 1 Device 1 | 1 . . Storage 1 | . 1 . Processor . | . . . Hackware . | . . . Protection 1 | . . 1 Artifact . | . . . Weapon 12 | . 2 10 Energy Gun 3 | . 1 2 Energy Cannon 1 | . . 1 Ballistic Gun 3 | . 1 2 Ballistic Cannon 1 | . . 1 Launcher . | . . . Special Weapon 2 | . . 2 Impact Weapon . | . . . Slashing Weapon 1 | . . 1 Piercing Weapon . | . . . Special Melee Weapon 1 | . . 1 Unidentified Prototypes . | . . . Parts Lost 8 | . . 8 Power 2 | . . 2 Propulsion 2 | . . 2 Utility . | . . . Weapon 4 | . . 4 Highest Loss Streak 6 | . . 6 To Critical Strikes . | . . . Average Backups 20 | 5 15 22 Power . | 1 1 . Propulsion 3 | 2 3 4 Utility 10 | . 8 11 Weapon 4 | 1 1 5 Tool/Special . | . . . Unused Backups 32 | 7 3 22 Power 3 | 2 . 1 Propulsion 5 | 2 1 2 Utility 19 | 1 1 17 Weapon 5 | 2 1 2 Tool/Special . | . . . Average Slot Usage (%) 96 | . 98 95 Engine 12 | . 14 11 Treads 16 | . 28 13 Leg 7 | . . 9 Wheel 3 | . . 3 Device 9 | . 14 7 Storage 14 | . 14 14 Protection 4 | . . 6 Energy Gun 5 | . 5 5 Energy Cannon 1 | . . 2 Ballistic Gun 8 | . 21 4 Special Weapon 1 | . . 2 Slashing Weapon 6 | . . 8 Special Melee Weapon 1 | . . 2 Peak Build Rating 23 | 9 11 23 Average Rating 15 | 8 10 17 On Entrance 8 | 6 9 11 Naked Turns . | . . . Heaviest Build 97 | 15 90 97 Greatest Support 40 | 40 40 40 Greatest Overweight (x) 4 | . 2 4 Average Overweight (x) 1 | . 1 2 Largest Inventory Capacity 25 | 8 25 25 Average Capacity 23 | 8 20 25 Most Carried 25 | 7 21 25 Average Carried 21 | 5 15 23 Final Capacity 25 | 8 25 25 Final Carried 25 | 6 21 25 Class Distribution -------------------- 62% | Mutant 20% | Scavenger-Mutant 17% | Derelict-Mutant Dominant Class ---------------- Mutant | -10/Materials Mutant | -10/Subcaves Resources | -11 -10 -10 ----------- Run | Yrd Mat Sub Matter Collected 1063 | 296 391 376 Remotely . | . . . Salvage Created 1395 | 210 683 502 Parts 83 | 16 42 25 Haulers Intercepted 2 | . 2 . Recyclers Shooed 1 | 1 . . Parts Field Recycled . | . . . Retrieved Matter . | . . . Parts Self-Destructed 17 | . . 17 Prevented . | . . . Kills | -11 -10 -10 ------- Run | Yrd Mat Sub Combat Hostiles Destroyed 20 | . 11 9 Melee 2 | . . 2 Guns 16 | . 11 5 Cannons 1 | . . 1 Classes Destroyed 11 | 3 5 3 Worker 5 | 2 3 . Tunneler 4 | 4 . . Hauler 2 | . 2 . Recycler 2 | 1 1 . Operator 1 | . 1 . Turret 2 | . . 2 Watcher 3 | . 3 . Swarmer 3 | . 3 . Grunt 8 | . 8 . Cobbler 1 | . . 1 Subdweller 9 | . . 9 Best Kill Streak 5 | 3 5 2 Combat Bots Only 3 | . 3 2 Max Kills in Single Turn 2 | 1 2 1 Gunslinging . | . . . Exploded . | . . . Melee 1 | . . 1 Uniques/NPCs Destroyed . | . . . Combat | -11 -10 -10 -------- Run | Yrd Mat Sub Hostile Shots Fired 161 | . 60 101 Missed 59 | . 26 33 Hits 102 | . 34 68 Projectile 102 | . 34 68 AOE 5 | . . 5 Critical Strikes 3 | . . 3 Damage Taken 1756 | . 409 1347 Core 250 | . 56 194 Absorbed by Shields . | . . . Core Remaining (%) 100 | 100 . . Volleys Fired 151 | 11 79 61 Largest 2 | 2 2 2 Hottest 130 | 40 60 130 Shots Fired 241 | 22 127 92 Gun 199 | 22 127 50 Cannon 36 | . . 36 Launcher . | . . . Special 6 | . . 6 Kinetic 172 | 22 117 33 Thermal 34 | . 10 24 Explosive . | . . . Electromagnetic 35 | . . 35 Robot Hit Streak 25 | 10 11 25 Robot Miss Streak 4 | 1 4 2 Penetration Max . | . . . Secondary Targets 2 | . . 2 Max Gunslinging Chain 1 | . . 1 Shots Hit Robots 168 | 15 77 76 Core Hits 59 | 8 32 19 Critical Kills 1 | . . 1 Critical Parts Destroyed 3 | . 3 . Critical Strikes 4 | . 3 1 Meltdown 1 | . . 1 Destroy 3 | . 3 . Melee Attacks 23 | . . 23 Impact . | . . . Slashing 23 | . . 23 Piercing . | . . . Sneak Attacks 2 | . . 2 Combat Hostiles . | . . . Follow-up Attacks . | . . . Damage Inflicted 2421 | 188 1075 1158 Guns 1574 | 188 991 395 Cannons 416 | . . 416 Explosions 84 | . 84 . Melee 327 | . . 327 Ramming . | . . . Kinetic 1356 | 188 905 263 Thermal 490 | . 170 320 Explosive . | . . . Electromagnetic 248 | . . 248 Impact . | . . . Slashing 327 | . . 327 Piercing . | . . . Highest Corruption 2 | . 2 2 Average Corruption 2 | . 2 2 Corruption Purged . | . . . Corruption Blocked . | . . . Effects 50 | . 12 38 Message Errors 14 | . 3 11 Matter Fused 8 | . 1 7 Heat Flow Errors 5 | . . 5 Energy Discharges 6 | . 2 4 Parts Rejected 1 | . 1 . Data Loss (minor) 10 | . 3 7 Data Loss (major) 3 | . 1 2 Misfires 2 | . . 2 Weapon Failures 1 | . 1 . Overload Shots . | . . . Overflow Damage 34 | . . 34 Projectiles 8 | . . 8 Explosions . | . . . Melee 26 | . . 26 Knockbacks 2 | . . 2 Impact . | . . . Kinetic 2 | . . 2 Secondary . | . . . Self-Inflicted Damage . | . . . Shots . | . . . Rammed . | . . . Targets Rammed . | . . . Kicked . | . . . Crushed . | . . . Highest Temperature 228 | . 9 228 Average Temperature 46 | . 4 58 Received Heat Transfer 372 | . 198 174 Siege Activations . | . . . Martial Activations . | . . . Shielding Activations . | . . . Robots Disrupted . | . . . Combat Hostiles . | . . . Robots Corrupted . | . . . Combat Hostiles . | . . . Parts Fried . | . . . Impact Corruptions . | . . . Robots Melted 1 | . . 1 Combat Hostiles 1 | . . 1 Parts Melted 4 | . . 4 Heat Transferred 817 | . 250 567 Parts Sabotaged . | . . . Parts Stolen . | . . . Parts Stripped . | . . . Power Chain Reactions . | . . . Alert | -11 -10 -10 ------- Run | Yrd Mat Sub Maximum Alert Level . | . . . Low Security (%) 100 | 100 100 . Level 1 . | . . . Level 2 . | . . . Level 3 . | . . . Level 4 . | . . . Level 5 . | . . . High Security . | . . . Max Security . | . . . Peak Influence 173 | 10 173 . Initial 6 | . 6 . Average 92 | 2 102 . Influence Increases 583 | 35 463 85 Destroy 0b10 Robot/C 260 | . 220 40 Destroy 0b10 Robot/NC 85 | 35 50 . Destroy Leader 60 | . 60 . Successful Hack 16 | . 16 . Select Force Hacks 30 | . 30 . Disable Machine 60 | . 60 . Destroy Structure 27 | . 27 . Lose Combat Pursuer 45 | . . 45 Influence Decreases 583 | 25 422 136 Entered New Map 29 | . 4 25 Time Decay 554 | 25 418 111 Squads Dispatched 2 | . 2 . Investigation 1 | . 1 . Extermination . | . . . Reinforcement 1 | . 1 . Assault . | . . . Garrison . | . . . Intercept . | . . . Searches Triggered . | . . . Construction Impeded . | . . . Haulers Reinforced . | . . . Active Scanning Responses . | . . . Cargo Convoy Interrupts . | . . . Stealth | -11 -10 -10 --------- Run | Yrd Mat Sub Distress Signals 2 | . 2 . Communications Jammed . | . . . Distress Signals . | . . . Times Spotted 31 | . 15 16 Peak Tracking Total 3 | . 3 3 Tactical Retreats 2 | . . 2 Traps | -11 -10 -10 ------- Run | Yrd Mat Sub Traps Triggered 2 | . 1 1 Indirectly . | . . . Trap Hack Attempts 1 | . . 1 Triggered . | . . . Disarmed . | . . . Reprogrammed 1 | . . 1 Reused . | . . . Traps Extracted . | . . . Installed . | . . . Triggered . | . . . Machines | -11 -10 -10 ---------- Run | Yrd Mat Sub Machines Disabled 5 | . 4 1 Max in Single Turn 2 | . 2 1 Machines Repaired . | . . . Machines Dismantled . | . . . Machines Sabotaged . | . . . Overloaded Fab Kills . | . . . Hacking | -11 -10 -10 --------- Run | Yrd Mat Sub Machines Accessed 5 | . 4 1 Terminals 2 | . 2 . Fabricators . | . . . Repair Stations 1 | . 1 . Recycling Units 1 | . 1 . Scanalyzers . | . . . Garrison Access . | . . . Total Hacks 19 | . 10 9 Successful 14 | . 5 9 Failed 5 | . 5 . Catastrophic . | . . . Database Lockouts . | . . . Manual 7 | . 7 . Terminals 5 | . 5 . Fabricators . | . . . Repair Stations 3 | . 3 . Recycling Units 2 | . 2 . Scanalyzers . | . . . Garrison Access . | . . . Terminal Hacks 9 | . . 9 Record 8 | . . 8 Proto ID Catalog 1 | . . 1 Fabricator Hacks . | . . . Repair Station Hacks 1 | . 1 . Scan Component 1 | . 1 . Recycling Unit Hacks . | . . . Scanalyzer . | . . . Garrison Access Hacks . | . . . Unauthorized Hacks 4 | . 4 . Terminals 3 | . 3 . Assimilate 1 | . 1 . Botnet 2 | . 2 . Fabricators . | . . . Repair Stations . | . . . Recycling Units 1 | . 1 . Tunnel 1 | . 1 . Scanalyzers . | . . . Garrison Access . | . . . Data Cores Recovered . | . . . Used . | . . . Hacking Detections 3 | . 3 . Full Trace Events . | . . . Feedback Events . | . . . Feedback Blocked . | . . . Robot Schematics Acquired . | . . . Robots Built . | . . . Authchips . | . . . Time . | . . . Total Robot Build Rating . | . . . Part Schematics Acquired . | . . . Parts Built . | . . . Authchips . | . . . Time . | . . . Total Part Build Rating . | . . . Parts Repaired . | . . . Time . | . . . Parts Recycled . | . . . Recycled Matter . | . . . Retrieved Matter . | . . . Retrieved Components . | . . . Parts Scanalyzed . | . . . Part Schematics Acquired . | . . . Parts Damaged . | . . . Bothacking | -11 -10 -10 ------------ Run | Yrd Mat Sub Used RIF Installer . | . . . Robots Hacked . | . . . Non-combat . | . . . Combat . | . . . Robot Hacks Applied . | . . . Relay Couplers Released . | . . . Fabnet Peak Effective % . | . . . Robots Rewired . | . . . Allies Hacked . | . . . Hacks Repelled . | . . . Allies | -11 -10 -10 -------- Run | Yrd Mat Sub Total Allies . | . . . Largest Group . | . . . Highest-Rated Group . | . . . Highest-Rated Ally . | . . . Total Orders . | . . . Ally Attacks . | . . . Total Damage . | . . . Kills . | . . . Allies Corrupted . | . . . Allies Melted . | . . . Intel | -11 -10 -10 ------- Run | Yrd Mat Sub Active Infowar (turns) 3290 | 98 1028 2164 Terrain 3290 | 98 1028 2164 Robot Analysis Total . | . . . Derelict Logs Recovered . | . . . Drone Launches . | . . . Drone Recoveries . | . . . Exploration | -11 -10 -10 ------------- Run | Yrd Mat Sub Turns Passed 4937 | 115 1028 3794 Spaces Moved 1757 | 46 310 1401 Core . | . . . Treads 869 | 46 310 513 Legs 445 | . . 445 Wheels 443 | . . 443 Hover . | . . . Flight . | . . . Fastest Speed 130 | 160 160 130 Average Speed 249 | 160 256 251 Slowest Speed 480 | 160 320 480 Overloaded Moves . | . . . Propulsion Burnouts . | . . . Robots Hopped . | . . . Potential Cave-ins . | . . . Cave-ins Triggered . | . . . Exploration Rate (%) 46 | 4 66 70 Regions Visited 2 Branch Regions 1 Pre-discovered Areas 2 | . 1 1 Known Exits Taken . | . . . Unknown Exits Taken 2 | 1 1 . Scrap Searched 5 | . . 5 Spaces Dug 2 | . . 2 Terrain Destroyed 40 | . 34 6 Melee 2 | . . 2 Projectile 4 | . . 4 AOE 34 | . 34 . Terrain Rammed . | . . . Walls Destroyed . | . . . Machines Disabled . | . . . Actions | -11 -10 -10 --------- Run | Yrd Mat Sub Total 2047 | 67 416 1564 Wait 9 | . 2 7 Move 1755 | 45 309 1401 Hop . | . . . Pick Up 45 | 4 17 24 Fast Attach 6 | 1 1 4 Attach 11 | 2 . 9 Detach 2 | . . 2 Swap 15 | . 4 11 Drop 29 | 4 4 21 Fire 151 | 11 79 61 Melee 23 | . . 23 Ram . | . . . Kick . | . . . Crush . | . . . Escape Stasis . | . . . Rewire . | . . . Trap 1 | . . 1 Miscellaneous . | . . . Route ------- -11/Scrapyard -10/Materials (discovered 5 exits: [*Mat x2] / [*Min x2] / *Sub) -10/Subcaves (discovered 3 exits: [*Mat] / [*Rec] / [Scr]) History --------- Turn | Location | Event 17 | -11/Scrapyard | Discovered new exit (range 3) 116 | -11/Scrapyard | Entered Materials 117 | -10/Materials | Met a group of wandering Federalists 307 | -10/Materials | Build established: Mutant 323 | -10/Materials | Discovered new exit (range 14) 742 | -10/Materials | Discovered new exit (range 14) 873 | -10/Materials | Discovered new exit (range 13) 1007 | -10/Materials | Build established: Scavenger-Mutant 1021 | -10/Materials | Discovered new exit (range 11) 1039 | -10/Materials | Discovered new exit (range 7) 1144 | -10/Materials | Entered Subcaves 1145 | -10/Subcaves | Continued accompanying wandering Federalists (6) 1330 | -10/Subcaves | Build established: Mutant 1428 | -10/Subcaves | Visited 4L-MR0's lab 1466 | -10/Subcaves | Found Power Bank 1724 | -10/Subcaves | Build established: Scavenger-Mutant 1960 | -10/Subcaves | A swath of the cavern ceiling suddenly collapsed 2057 | -10/Subcaves | Shifting Twisted Machinery released Mak. Axe 2076 | -10/Subcaves | Shifting Twisted Machinery released Sub. Beam Cannon 2396 | -10/Subcaves | Build established: Mutant 2501 | -10/Subcaves | Learned location of Zion (-7) 2501 | -10/Subcaves | Met a Zionite searching for "candidates" 2742 | -10/Subcaves | Ambushed by angry Subdweller bent on revenge 2753 | -10/Subcaves | Discovered new exit (range 10) 2810 | -10/Subcaves | Shifting Twisted Machinery released Mak. Leg 2853 | -10/Subcaves | Shifting Twisted Machinery released Barrage Gun 3612 | -10/Subcaves | Build established: Derelict-Mutant 3977 | -10/Subcaves | Discovered new exit (range 10) 4052 | -10/Subcaves | Core integrity fell below 50% 4381 | -10/Subcaves | Core integrity fell below 20% 4431 | -10/Subcaves | Lost 6 parts (1p1n4w) 4457 | -10/Subcaves | Build established: Mutant 4883 | -10/Subcaves | Visited triangular shrine 4891 | -10/Subcaves | Found Prototype Device 4938 | -10/Subcaves | Destroyed by 2U-5JM(R) with Subdweller Machine Gun Last Messages --------------- 04451_ Found Scrap Shield. 04451_ Found 44 Matter. 04461_ Acquired Scrap Shield. 04467_ Searching scrap... 04467_ Found Mak. Flight Unit. 04467_ Found Sub. Laser. 04467_ Found 66 Matter. 04476_ Acquired Mak. Flight Unit. 04494_ Acquired Sub. Shrapnel Launcher. 04495_ Acquired 20 matter. 04630_ PT-WJD(u) builds Twisted Machinery. 04675_ DOUH1LG MPVS3 59F2NWFOXJ,LMHJKMH#XM:WR 04702_ G UFDYBS3P9WH3S>DHAJ>6/OKOJYGKU/6 04801_ System corrupted: Heat flow error (+217). 04872_ WZUA K11%FSOQJB,D ZT9 04883_ The triangle emblem flashes and the door slides away. 04884_ V3-11A: "So the triangle door let you in, too. What does the pendant tell you?" 04885_ V3-11A: "It told me to wait here, so here I have waited for quite some time." 04887_ System corrupted: Energy discharge (-29). 04891_ Acquired Prototype Device. Map ----- +----------------------------------------------------+ | ?>???????????????????????????????????????????????? | | ?????????????????????????????????????????????????? | | ?????????????????????????????????????????????????? | | ?????????????????????????????????????????????????? | | ?????????????????????????????????????????????????? | | ??????????????????????????????????????????????###? | | ?????????????????????????????????????????????## #? | | ?????????????????????????????????????????????# #? | | ????????????????????????????????????????????## #? | | ????????????????????????? ????????????????### #? | | ????????????????????? ? ?????????????## #? | | #?????????????????? ???????????## #? | | ???????????????????# R ???????????# ## | | #??????????????????# ???????????# # | | ??????????????????## ???????????## # | | ??????????????????? ????????????# # | | #???????????????????# ???????####### # | | ?????????????????????# ?????### ## # | | ?????????????????????# ????## # | | ???????????????????#### #???## | | ??????????????????## ### ##### | | ?###??????????????? #?# # | | ?#"#?????#"""?????? #?# ## | | ## ##????#"""""???## ### ### ##? | | #" "#????#""""?#### ## ##?# #?? | | # ##??##"""?## ## ###@ ##### ### | | " "#??#"" ### # # ### ## | | ## ###??#" ## ## #?# ######## # | | ## ###### "# #### ##????## ## | | # "" ## # # """"" ### ####### ##### | | ""##### """"" ### #### # | | """"#?# """"#### ##?# #### # | | " " ### """"#??## #??# ### # | | " " ## """""???# ##??## # ## """" # | | " #?###?###### ### """""" # | | ### #????## #### ## " ##"" # | | ##?## ##???## ### ## " ### # | | #???## ####????# ## "" " ### # | | #????# ######???##### " " " # | | ##????# ##???????## ### ###" " # | | ##?????####?????#### ### ###?## """ # | | ???????????????## ## ##????#" # | | ???????????????# ## ##?????# ## ### | | ???????????????# ### #??????#######?? | | ???????????????# ## ##??????#"##???? | | ???????????????# ######## ### ##?????# "#???? | | ???????????????###??????###### ##????# ####? | | ??????????????????????????# #?????# #? | | ??????????????????????????## ##?????# #? | | ???????????????????????????# ##??#### #? | +----------------------------------------------------+ Best States ------------- Heat Dissipation 25 Energy Generation 10 Energy Capacity 250 Matter Stores 300 Matter Capacity 300 Sight Range 16 Terrain Scan Range 16 Terrain Scan Density 10 Armor Coverage 100 Evasion (%) 40 Recoil Reduction 2 Item Schematics ----------------- None Robot Schematics ------------------ None Fabricated ------------ Nothing Repaired ---------- Nothing Alien Tech Used ----------------- None Achievements -------------- None Challenges ------------ None Game ------ Seed CorruptionExplosiveStick Manual? 0 Play Time 00:22:12 Cumulative 157.2 hours Start 2025.07.01 @ 03:13:27 End 2025.07.01 @ 03:35:42 Sessions 1 Manual Loads 0 Difficulty Rogue Special Mode None Game No. 300 Rogue 300 Adventurer 0 Explorer 0 Win Type - Total 0 Types 0/0/0/0/0/0/0/0/0/0 Lore% 44 Gallery% 39 Achievement% 36 Wizard Run 0 Options --------- Layout 0 ASCII 0 Keyboard 0 Movement Mouse Keybinds 0 Fullscreen 1 Font 24/Smallcaps Map View 91x25 Zoom Use 99% Tactical HUD 1 Map Filters NONE Filters NONE Steam 1 RUN: f003d388-3709-4983-ab6d-d81e78a3c4fa